[Event "Titled Tuesday Blitz November 07 Late 2023"]
[White "elmusmolamas"]
[Black "Szente Varga, Fruzsina"]
[BlackFideId "712264"]
[WhiteElo "2497"]
[BlackElo "2315"]
[Result "1/2-1/2"]
[Round "4"]
[TimeControl "180+1"]
[Date "2023.11.07"]
[WhiteClock "0:00:12"]
[BlackClock "0:00:15"]
[Board "116"]

1. e4 c5 2. Nc3 Nc6 3. Nge2 Nf6 4. g3 d5 5. exd5 Nxd5 6. Bg2 e6 7. O-O Be7 8. d4 cxd4 9. Nxd4 Nxd4 10. Qxd4 Nxc3 11. Qxc3 O-O 12. Be3 Bf6 13. Qb3 Qe7 14. c3 e5 15. Rad1 e4 16. Qc4 Re8 17. Bc5 Qe5 18. Bd4 Be6 19. Qa4 Qf5 20. Bxf6 Qxf6 21. Bxe4 Bxa2 22. Bxb7 Rab8 23. Qxa2 Rxb7 24. Rfe1 Reb8 25. Re2 Qf3 26. Rde1 h6 27. Qa1 Qc6 28. Qb1 g6 29. Qc1 Kg7 30. h4 h5 31. b4 Rc8 32. Re7 Rxb4 33. Rxa7 Qxc3 34. Qd1 Rd4 35. Qe2 Rd2 36. Qe7 Qf3 37. Qe5+ Kh7 38. Qe3 Qxe3 39. Rxe3 Kg7 40. Rf3 Rf8 41. Rf4 Rd6 42. Kg2 Rf6 43. Rxf6 Kxf6 44. Kf3 Re8 45. Kf4 Re6 46. Ra5 Rc6 47. Rb5 Rd6 48. f3 Ra6 49. g4 hxg4 50. Kxg4 Ra4+ 51. f4 Kg7 52. Rb6 Ra5 53. Rb7 Rf5 54. Re7 Rd5 55. Re5 Rd4 56. Rc5 Ra4 57. Rb5 Rc4 58. Kg5 Rc6 59. Rb4 Rc5+ 60. Kg4 Rf5 61. Rd4 Kf6 62. Re4 Kg7 63. Re5 Rf6 64. h5 gxh5+ 65. Rxh5 Rg6+ 66. Kf5 Rf6+ 67. Ke4 Re6+ 68. Kd5 Kf6 69. Rg5 Ke7 70. Kd4 Ra6 71. Ke4 Ra4+ 72. Kf3 Kf6 73. Kg4 Ra1 74. Rb5 Rg1+ 75. Kf3 Rf1+ 76. Kg3 Rg1+ 77. Kf2 Ra1 78. Kf3 Ra3+ 79. Kg4 Ra6 80. Rc5 Rb6 81. Rh5 Kg7 82. f5 Rb1 83. Rh2 Rg1+ 84. Kh5 Kf6 85. Rf2 Rg3 86. Kh4 Rg5 87. Kh3 Rxf5 88. Ra2 Kg5 89. Kg3 Rb5 90. Ra4 f5 91. Kf3 Rb3+ 92. Kf2 f4 93. Ra8 Rb2+ 94. Kf3 Rb3+ 95. Kf2 Rg3 96. Rg8+ Kh4 97. Rf8 Kg4 98. Rf7 Rf3+ 99. Kg2 Rg3+ 100. Kf2 Ra3 101. Rg7+ Kf5 102. Rg8 Ra2+ 103. Kf3 Ra3+ 104. Kf2 Ke4 105. Re8+ Kf5 106. Rb8 Kg4 107. Rg8+ Kf5 108. Rf8+ Kg4 109. Rg8+ Kf5 110. Rg7 Ke4 111. Re7+ Kf5 112. Rf7+ Ke4 113. Re7+ Kf5 114. Ke2 Ra2+ 115. Kf3 Ra3+ 116. Kf2 Ra2+ 117. Kf3 Ra3+ 118. Kf2 Ra2+ 119. Kf3 1/2-1/2


[Site "https://www.chess.com"]

[Event "Titled Tuesday Blitz November 07 Late 2023"]
[White "Bogaudinov, Rushan"]
[Black "Musovic, Armin"]
[WhiteFideId "4129288"]
[BlackFideId "939935"]
[WhiteElo "2312"]
[BlackElo "2493"]
[Result "0-1"]
[Round "4"]
[TimeControl "180+1"]
[Date "2023.11.07"]
[WhiteClock "0:00:07"]
[BlackClock "0:00:19"]
[Board "117"]

1. e4 c6 2. d4 d5 3. e5 c5 4. dxc5 e6 5. Be3 Ne7 6. c3 Nbc6 7. Nf3 Nf5 8. Bd4 Bd7 9. Bd3 Nfxd4 10. cxd4 b6 11. cxb6 Qxb6 12. Nbd2 Nxd4 13. O-O Be7 14. Nxd4 Qxd4 15. Nf3 Qf4 16. Qe2 Rb8 17. b3 O-O 18. g3 Qh6 19. Qd2 Qxd2 20. Nxd2 Ba3 21. Rab1 Rfc8 22. Rfd1 Rc3 23. Nf3 Rbc8 24. b4 Ba4 25. Rd2 Bc1 26. Rxc1 Rxc1+ 27. Kg2 Bc2 28. Ba6 Rc3 29. Nd4 Be4+ 30. f3 Bg6 31. h4 h5 32. a4 Ra1 33. Bb5 Rb1 34. Ne2 Rc2 35. Rxc2 Bxc2 36. Nf4 g6 37. g4 hxg4 38. fxg4 Rxb4 39. Kg3 Bxa4 40. Be2 Bb5 41. Bf3 a5 42. h5 gxh5 43. Nxh5 a4 44. Nf6+ Kh8 45. g5 a3 46. Bh5 a2 47. Bxf7 a1=Q 48. g6 Qxe5+ 49. Kh3 Qxf6 50. g7+ Kxg7 51. Bxe6 Qxe6+ 52. Kg3 Qe3+ 0-1


[Site "https://www.chess.com"]

[Event "Titled Tuesday Blitz November 07 Late 2023"]
[White "Sepulveda Rojas, Jorge"]
[Black "Zampronha, Wladimir Camilo"]
[WhiteFideId "3404803"]
[BlackFideId "2103087"]
[WhiteElo "2490"]
[BlackElo "2311"]
[Result "1-0"]
[Round "4"]
[TimeControl "180+1"]
[Date "2023.11.07"]
[WhiteClock "0:02:40"]
[BlackClock "0:02:23"]
[Board "118"]

1. e4 c5 2. Nf3 e6 3. d4 cxd4 4. Nxd4 Nc6 5. Nb3 Nf6 6. Nc3 Bb4 7. Bd3 d5 8. exd5 exd5 9. O-O O-O 10. Bg5 Be6 11. Ne2 Be7 12. Ned4 Qd7 13. Re1 Nxd4 14. Nxd4 Rfe8 15. Bb5 Qc7 16. Bxe8 Rxe8 17. Nxe6 fxe6 18. Rxe6 1-0


[Site "https://www.chess.com"]

[Event "Titled Tuesday Blitz November 07 Late 2023"]
[White "Coelho, Ramyres Santana"]
[Black "Czerw, Dawid"]
[WhiteFideId "2120690"]
[BlackFideId "1145746"]
[WhiteElo "2306"]
[BlackElo "2488"]
[Result "0-1"]
[Round "4"]
[TimeControl "180+1"]
[Date "2023.11.07"]
[WhiteClock "0:00:21"]
[BlackClock "0:00:45"]
[Board "119"]

1. e4 c5 2. Nf3 g6 3. Nc3 Nc6 4. d4 cxd4 5. Nxd4 Bg7 6. Nxc6 bxc6 7. Bc4 d6 8. O-O Nf6 9. Bg5 O-O 10. Qd2 Bb7 11. Bh6 d5 12. Bxg7 Kxg7 13. exd5 cxd5 14. Bb3 e5 15. Rad1 d4 16. Ne2 Ne4 17. Qb4 Rb8 18. Qb5 Qe7 19. Qd3 f5 20. Ng3 Nc5 21. Qe2 f4 22. Nh1 Bxg2 23. Kxg2 f3+ 24. Qxf3 Rxf3 25. Kxf3 Qb7+ 26. Ke2 Qe4+ 27. Kd2 Qf4+ 28. Ke1 a5 29. a4 Nxb3 30. cxb3 Qe4+ 31. Kd2 Rxb3 32. Ng3 Rxb2+ 33. Kc1 Qc2# 0-1


[Site "https://www.chess.com"]

[Event "Titled Tuesday Blitz November 07 Late 2023"]
[White "Osmonbekov, Talaibek"]
[Black "Khater, Sherif"]
[WhiteFideId "2017253"]
[BlackFideId "2034280"]
[WhiteElo "2304"]
[BlackElo "2486"]
[Result "0-1"]
[Round "4"]
[TimeControl "180+1"]
[Date "2023.11.07"]
[WhiteClock "0:00:00"]
[BlackClock "0:00:31"]
[Board "120"]

1. d4 d5 2. Nc3 g6 3. Bf4 c6 4. e3 Bg7 5. Nf3 Nf6 6. Ne5 Nbd7 7. h4 h5 8. f3 Qa5 9. Qd2 Nxe5 10. Bxe5 Bf5 11. O-O-O O-O-O 12. Kb1 Ne8 13. Bxg7 Nxg7 14. e4 dxe4 15. fxe4 Bg4 16. Be2 Ne6 17. d5 Nc7 18. Bxg4+ hxg4 19. Qe2 cxd5 20. exd5 Qb4 21. a3 Qd6 22. Qxg4+ Kb8 23. Qf3 Rh7 24. Ne4 Qb6 25. Ng5 Rg7 26. Qc3 f6 27. Ne6 Nxe6 28. dxe6 Rc8 29. Qg3+ Ka8 30. Qg4 Qc6 31. Qe2 Rgg8 32. g4 a6 33. h5 gxh5 34. gxh5 Rh8 35. h6 Rcg8 36. Rh2 Rg5 37. Rd7 Re5 38. Qd2 Rxe6 39. Rd8+ Rxd8 40. Qxd8+ Ka7 41. h7 Re1+ 42. Ka2 Qc4+ 0-1


[Site "https://www.chess.com"]

[Event "Titled Tuesday Blitz November 07 Late 2023"]
[White "Mesa Cruz, Juan Carlos"]
[Black "MclarenF1LM"]
[WhiteFideId "6423400"]
[WhiteElo "2300"]
[BlackElo "2483"]
[Result "0-1"]
[Round "4"]
[TimeControl "180+1"]
[Date "2023.11.07"]
[WhiteClock "0:00:00"]
[BlackClock "0:00:58"]
[Board "121"]

1. e4 c5 2. Nf3 e6 3. g3 d5 4. exd5 exd5 5. Bg2 Nf6 6. O-O Be7 7. d4 O-O 8. dxc5 Bxc5 9. Nbd2 Nc6 10. Nb3 Be7 11. c3 Bg4 12. h3 Bh5 13. Nbd4 Rc8 14. Nxc6 bxc6 15. Bf4 Re8 16. g4 Bg6 17. Ne5 Be4 18. f3 Bc5+ 19. Kh2 Bd6 20. fxe4 Bxe5 21. Bxe5 Rxe5 22. exd5 cxd5 23. Qd4 Qd6 24. Qf4 Rc4 25. Qg3 Qe6 26. Rad1 h6 27. Rd3 Re2 28. Rf2 Rxf2 29. Qxf2 Rxg4 30. Rd4 Qe5+ 31. Kg1 Rg5 0-1


[Site "https://www.chess.com"]

[Event "Titled Tuesday Blitz November 07 Late 2023"]
[White "Willy, Stephen"]
[Black "Minina, Veronika"]
[WhiteFideId "30981468"]
[BlackFideId "4174780"]
[WhiteElo "2478"]
[BlackElo "2293"]
[Result "1-0"]
[Round "4"]
[TimeControl "180+1"]
[Date "2023.11.07"]
[WhiteClock "0:01:22"]
[BlackClock "0:00:00"]
[Board "122"]

1. f4 d5 2. e3 Nc6 3. Nf3 Bg4 4. Bb5 e5 5. fxe5 a6 6. Bxc6+ bxc6 7. O-O Be7 8. Qe1 Nh6 9. Qg3 O-O 10. d4 c5 11. c3 c6 12. e4 dxe4 13. Bxh6 f5 14. exf6 Rxf6 15. Qxg4 Rxh6 16. Qxe4 cxd4 17. Nxd4 Bc5 18. Na3 Qc7 19. g3 Rd8 20. Rae1 Rg6 21. Qe8+ 1-0


[Site "https://www.chess.com"]

[Event "Titled Tuesday Blitz November 07 Late 2023"]
[White "Belanoff, Ted"]
[Black "Koc, Przemyslaw"]
[WhiteFideId "2070588"]
[BlackFideId "1109081"]
[WhiteElo "2290"]
[BlackElo "2473"]
[Result "0-1"]
[Round "4"]
[TimeControl "180+1"]
[Date "2023.11.07"]
[WhiteClock "0:01:38"]
[BlackClock "0:01:55"]
[Board "123"]

1. b4 c5 2. bxc5 e5 3. Bb2 Nc6 4. Nf3 Bxc5 5. Nxe5 Bxf2+ 6. Kxf2 Qb6+ 7. Ke1 Qxb2 8. Nc3 Nxe5 9. Rb1 Qa3 10. Nb5 Qa5 11. Nd6+ Kf8 12. Rb5 Qc7 13. Ne4 d6 14. g3 Bd7 15. Rb3 Bc6 16. Bg2 Nf6 17. Re3 Neg4 18. Nxf6 Nxe3 19. dxe3 Bxg2 0-1


[Site "https://www.chess.com"]

[Event "Titled Tuesday Blitz November 07 Late 2023"]
[White "Baches Garcia, Guillermo"]
[Black "Harish, Neeraj"]
[WhiteFideId "2209764"]
[BlackFideId "30958130"]
[WhiteElo "2473"]
[BlackElo "2269"]
[Result "1/2-1/2"]
[Round "4"]
[TimeControl "180+1"]
[Date "2023.11.07"]
[WhiteClock "0:02:05"]
[BlackClock "0:00:54"]
[Board "124"]

1. d4 d5 2. Nf3 Nf6 3. Bg5 Ne4 4. Bf4 c5 5. dxc5 Nc6 6. Nbd2 Nxc5 7. e3 f6 8. Be2 e5 9. Bg3 Be6 10. O-O Be7 11. Nb3 Nxb3 12. axb3 O-O 13. c3 Qb6 14. b4 Rfd8 15. Qa4 a6 16. b5 axb5 17. Qxb5 1/2-1/2


[Site "https://www.chess.com"]

[Event "Titled Tuesday Blitz November 07 Late 2023"]
[White "Gertler, David"]
[Black "Ahmad, Khagan"]
[WhiteFideId "2017377"]
[BlackFideId "13431552"]
[WhiteElo "2264"]
[BlackElo "2468"]
[Result "1-0"]
[Round "4"]
[TimeControl "180+1"]
[Date "2023.11.07"]
[WhiteClock "0:00:07"]
[BlackClock "0:00:01"]
[Board "125"]

1. e4 c5 2. c3 Nf6 3. e5 Nd5 4. d4 cxd4 5. Bc4 Nb6 6. Bb3 Nc6 7. cxd4 d6 8. e6 fxe6 9. Nf3 g6 10. h4 Bg7 11. h5 O-O 12. hxg6 hxg6 13. Bh6 Nd5 14. Qd2 Qa5 15. Nc3 Rxf3 16. Bxg7 Kxg7 17. gxf3 Nf6 18. Qh6+ Kf7 19. O-O-O Bd7 20. d5 Ne5 21. Rhe1 Rc8 22. dxe6+ Bxe6 23. Bxe6+ Kxe6 24. Qh3+ Ng4 25. Re3 b5 26. fxg4 Kf7 27. g5 Rc4 28. Kb1 b4 29. Nd5 Rc5 30. Nf4 b3 31. Qe6+ Ke8 32. Qxb3 Rb5 33. Qg8+ Kd7 34. Rc1 Qb6 35. Qc8# 1-0


[Site "https://www.chess.com"]

[Event "Titled Tuesday Blitz November 07 Late 2023"]
[White "Kovacsy, Barnabas"]
[Black "Bullen, Alex"]
[WhiteFideId "769290"]
[BlackFideId "1801627"]
[WhiteElo "2465"]
[BlackElo "2228"]
[Result "1-0"]
[Round "4"]
[TimeControl "180+1"]
[Date "2023.11.07"]
[WhiteClock "0:01:22"]
[BlackClock "0:00:50"]
[Board "126"]

1. e4 c5 2. Nf3 e6 3. d4 cxd4 4. Nxd4 Nf6 5. Nc3 Nc6 6. Ndb5 Bb4 7. a3 Bxc3+ 8. Nxc3 d5 9. exd5 Nxd5 10. Nxd5 Qxd5 11. Qxd5 exd5 12. Bd3 Bg4 13. O-O O-O 14. Re1 Rfe8 15. Bf4 Bh5 16. c3 Bg6 17. Bb5 a6 18. Ba4 b5 19. Bb3 Red8 20. Rad1 d4 21. Bg5 Rd7 22. cxd4 Nxd4 23. Be3 Rad8 24. Rxd4 Rxd4 25. Bxd4 h6 26. Bc3 1-0


[Site "https://www.chess.com"]

[Event "Titled Tuesday Blitz November 07 Late 2023"]
[White "Kopacz, Grzegorz"]
[Black "Meduri, Aakaash"]
[WhiteFideId "1109880"]
[BlackFideId "2032252"]
[WhiteElo "2228"]
[BlackElo "2464"]
[Result "1/2-1/2"]
[Round "4"]
[TimeControl "180+1"]
[Date "2023.11.07"]
[WhiteClock "0:00:39"]
[BlackClock "0:00:53"]
[Board "127"]

1. c4 c6 2. Nf3 d5 3. b3 Nf6 4. Bb2 Bf5 5. g3 e6 6. Bg2 h6 7. O-O Nbd7 8. d4 Be7 9. Nc3 O-O 10. e3 a5 11. Qe2 Bh7 12. Rfd1 Qc7 13. Rac1 Rac8 14. Ne5 Rfd8 15. cxd5 exd5 16. Nxd5 Nxd5 17. Bxd5 Nxe5 18. dxe5 Qb6 19. Bc4 Qa7 20. Bd3 a4 21. Bxh7+ Kxh7 22. Qc2+ Kg8 23. Rxd8+ Rxd8 24. Rd1 a3 25. Rxd8+ Bxd8 26. Bd4 Bb6 27. Qd2 Bxd4 28. Qxd4 Qa5 29. Qd7 Qxe5 30. Qxb7 Qa1+ 31. Kg2 Qxa2 32. Qc8+ Kh7 33. Qf5+ Kg8 34. Qc8+ Kh7 35. Qf5+ Kh8 36. Qc8+ Kh7 1/2-1/2


[Site "https://www.chess.com"]

[Event "Titled Tuesday Blitz November 07 Late 2023"]
[White "victormago"]
[Black "Tokat, Nehir"]
[BlackFideId "34557555"]
[WhiteElo "2462"]
[BlackElo "2212"]
[Result "1-0"]
[Round "4"]
[TimeControl "180+1"]
[Date "2023.11.07"]
[WhiteClock "0:00:19"]
[BlackClock "0:00:05"]
[Board "128"]

1. d4 Nf6 2. c4 g6 3. Nc3 d5 4. cxd5 Nxd5 5. e4 Nxc3 6. bxc3 Bg7 7. Nf3 c5 8. Be3 Nc6 9. Qd2 O-O 10. d5 Ne5 11. Nxe5 Bxe5 12. f4 Bg7 13. Bxc5 b6 14. Bd4 f6 15. Be2 e5 16. dxe6 Bxe6 17. O-O Qc7 18. f5 Bf7 19. Kh1 Rad8 20. a4 Qc6 21. Bf3 Qc4 22. Rfe1 Rfe8 23. Qb2 gxf5 24. exf5 Rxe1+ 25. Rxe1 Qxa4 26. Ra1 Qd7 27. Qa3 Qxf5 28. Qxa7 b5 29. h3 Re8 30. Qb6 Bh5 31. Qc6 Rc8 32. Bd5+ Bf7 33. Bxf7+ Kxf7 34. Ra7+ Kg6 35. Qd7 Qxd7 36. Rxd7 Rb8 37. h4 b4 38. h5+ Kh6 39. cxb4 Rxb4 40. Be3+ Kxh5 41. Rxg7 Rb1+ 42. Kh2 Rb3 43. Rxh7+ Kg4 44. Rh3 f5 45. Rg3+ Kh5 46. Bf4 Rb5 47. Rg5+ Kh4 48. g3# 1-0


[Site "https://www.chess.com"]

[Event "Titled Tuesday Blitz November 07 Late 2023"]
[White "Akhayan, Ruben"]
[Black "Adel, Sara"]
[WhiteFideId "204439"]
[BlackFideId "10616764"]
[WhiteElo "2443"]
[BlackElo "2206"]
[Result "1-0"]
[Round "4"]
[TimeControl "180+1"]
[Date "2023.11.07"]
[WhiteClock "0:01:08"]
[BlackClock "0:01:52"]
[Board "129"]

1. e4 c6 2. d4 d5 3. exd5 cxd5 4. c4 Nf6 5. Nc3 g6 6. cxd5 Bg7 7. Nf3 O-O 8. Bc4 a6 9. O-O b5 10. Bb3 Bb7 11. Re1 Nbd7 12. h3 Nb6 13. Bg5 Nbxd5 14. Nxd5 Bxd5 15. Bxd5 Qxd5 16. Rxe7 Ne4 17. Be3 Rfc8 18. Rc1 Bf8 19. Re5 Qb7 20. Rxc8 Rxc8 21. d5 f5 22. d6 Qd7 23. Qd5+ Kg7 24. Ng5 Nxg5 25. Bxg5 Qxd6 26. Qxd6 Bxd6 27. Re1 h6 28. Be3 Rc2 29. Rc1 Rxb2 30. Bd4+ 1-0


[Site "https://www.chess.com"]

[Event "Titled Tuesday Blitz November 07 Late 2023"]
[White "Mazurkiewicz, Michal"]
[Black "Silvestre, Christian"]
[WhiteFideId "1124943"]
[BlackFideId "30956269"]
[WhiteElo "2433"]
[BlackElo "2210"]
[Result "1-0"]
[Round "4"]
[TimeControl "180+1"]
[Date "2023.11.07"]
[WhiteClock "0:00:14"]
[BlackClock "0:00:18"]
[Board "130"]

1. e4 c5 2. Nf3 a6 3. g3 b5 4. Bg2 Bb7 5. d3 d6 6. O-O e6 7. Re1 Nf6 8. c3 Nbd7 9. Nbd2 Rc8 10. d4 cxd4 11. cxd4 Be7 12. Bf1 O-O 13. a4 b4 14. a5 d5 15. e5 Ne4 16. Bd3 f5 17. exf6 Ndxf6 18. Ne5 Nxd2 19. Bxd2 Ne4 20. Be3 Bd6 21. f3 Ng5 22. f4 Bxe5 23. fxg5 Bd6 24. Qg4 Qd7 25. g6 h6 26. Rf1 Rxf1+ 27. Rxf1 Rf8 28. Rxf8+ Bxf8 29. Bf4 Bc8 30. Be5 Qe7 31. Qf4 Qe8 32. b3 Bd7 33. Bxa6 Qxg6 34. Bf1 Qe8 35. a6 Qa8 36. Bb8 Qc6 37. a7 Bc8 38. Qc7 Qxc7 39. Bxc7 Bb7 40. Bb5 Kf7 41. Kf2 Ba8 42. Bd7 Be7 43. Bc8 Bf6 44. Be5 Bxe5 45. dxe5 Ke7 46. Ke3 Kf7 47. Kd4 Ke7 48. Kc5 g5 49. Kxb4 h5 50. Kc5 h4 51. b4 hxg3 52. hxg3 g4 53. b5 Kd8 54. Bxe6 d4 55. Kxd4 Kc7 56. Bd5 Kb6 57. Bxa8 Kxa7 58. Bc6 Kb6 59. e6 Kc7 60. e7 Kd6 61. e8=Q Kc7 62. Qd7+ Kb6 63. Qb7+ Ka5 64. Qa7+ Kb4 65. b6 Kb3 66. b7 Kc2 67. b8=Q Kd2 68. Qa2+ Ke1 69. Qbb1# 1-0


[Site "https://www.chess.com"]

[Event "Titled Tuesday Blitz November 07 Late 2023"]
[White "Modric, Nesa"]
[Black "Haitin, Ilja"]
[WhiteFideId "922579"]
[BlackFideId "4501764"]
[WhiteElo "2181"]
[BlackElo "2432"]
[Result "1-0"]
[Round "4"]
[TimeControl "180+1"]
[Date "2023.11.07"]
[WhiteClock "0:00:10"]
[BlackClock "0:00:00"]
[Board "131"]

1. e4 e5 2. Nf3 Nc6 3. Bc4 d6 4. O-O Be6 5. Bb3 Qd7 6. Nc3 O-O-O 7. d4 exd4 8. Nxd4 Nxd4 9. Qxd4 Kb8 10. Be3 c5 11. Qd2 Nf6 12. Bxe6 fxe6 13. a4 d5 14. exd5 exd5 15. Bf4+ Bd6 16. Nb5 Ne4 17. Qxd5 Bxf4 18. Qxe4 g5 19. g3 Rhe8 20. Qf3 Be5 21. Rad1 Qg7 22. c3 a6 23. Na3 Bc7 24. Nc4 Rf8 25. Rxd8+ Rxd8 26. Rd1 Rf8 27. Qd5 Qf7 28. Qxf7 Rxf7 29. Kg2 b5 30. axb5 axb5 31. Ne3 c4 32. Rd5 Kb7 33. Rxb5+ Kc6 34. Rxg5 Rd7 35. Nxc4 Re7 36. h4 Re2 37. Ne3 Rxb2 38. Rg7 h5 39. Rg6+ 1-0


[Site "https://www.chess.com"]

[Event "Titled Tuesday Blitz November 07 Late 2023"]
[White "Weisz, Bryan"]
[Black "Kniazev, Igor"]
[WhiteFideId "30934133"]
[BlackFideId "4136349"]
[WhiteElo "2430"]
[BlackElo "2181"]
[Result "1-0"]
[Round "4"]
[TimeControl "180+1"]
[Date "2023.11.07"]
[WhiteClock "0:01:23"]
[BlackClock "0:01:07"]
[Board "132"]

1. e4 e5 2. f4 d5 3. d4 exf4 4. exd5 Qh4+ 5. Ke2 c5 6. Nf3 Bg4 7. Bxf4 Nd7 8. Nc3 O-O-O 9. Nb5 Bxf3+ 10. Kxf3 Qh5+ 11. Kf2 Ndf6 12. Nxa7+ Kd7 13. Bb5+ Ke7 14. Re1+ 1-0


[Site "https://www.chess.com"]

[Event "Titled Tuesday Blitz November 07 Late 2023"]
[White "hristos03"]
[Black "Vila Dupla, Aurelio"]
[BlackFideId "2203383"]
[WhiteElo "2430"]
[BlackElo "2180"]
[Result "0-1"]
[Round "4"]
[TimeControl "180+1"]
[Date "2023.11.07"]
[WhiteClock "0:00:03"]
[BlackClock "0:00:11"]
[Board "133"]

1. e4 c5 2. Nf3 d6 3. d4 cxd4 4. Nxd4 Nf6 5. Nc3 g6 6. Be3 Bg7 7. f3 O-O 8. Qd2 Nc6 9. O-O-O Nxd4 10. Bxd4 Be6 11. h4 Qa5 12. Kb1 Rfc8 13. a3 Bc4 14. g4 Bxf1 15. Rhxf1 Rc4 16. g5 Nxe4 17. fxe4 Rxd4 18. Qf4 Rxd1+ 19. Nxd1 Rf8 20. Qf3 Qe5 21. c3 f6 22. Qg4 f5 23. exf5 gxf5 24. Qc4+ d5 25. Qb5 f4 26. Nf2 f3 27. Ka2 e6 28. Qxb7 Qe2 29. Qd7 Bxc3 30. Rb1 Qxf2 31. Qxe6+ Kh8 32. Qc6 Bg7 33. h5 Qd4 34. h6 Be5 35. Qe6 f2 36. g6 hxg6 37. Qxg6 f1=Q 38. Rxf1 Qxb2# 0-1


[Site "https://www.chess.com"]

[Event "Titled Tuesday Blitz November 07 Late 2023"]
[White "Ismayilova, Khanim"]
[Black "Pace, Christopher"]
[WhiteFideId "13429019"]
[BlackFideId "2610167"]
[WhiteElo "2171"]
[BlackElo "2429"]
[Result "0-1"]
[Round "4"]
[TimeControl "180+1"]
[Date "2023.11.07"]
[WhiteClock "0:01:01"]
[BlackClock "0:00:16"]
[Board "134"]

1. e4 e5 2. Nf3 Nc6 3. Bc4 Be7 4. O-O Nf6 5. Nc3 O-O 6. d4 d6 7. Bg5 h6 8. Bh4 Bg4 9. d5 Nd4 10. Be2 Nxe2+ 11. Qxe2 Nxd5 12. Nxd5 Bxh4 13. h3 Bxf3 14. Qxf3 c6 15. Nc3 Qb6 16. b3 Rad8 17. Rad1 Qc5 18. Qd3 b5 19. Ne2 d5 20. c3 dxe4 21. Qxe4 Bxf2+ 22. Kh1 f5 23. Qf3 e4 24. Qf4 Be3 25. Qh4 Bg5 26. Qg3 Qa3 27. Nd4 Qxa2 28. Ne6 Rxd1 29. Rxd1 Qxb3 30. Nxf8 Qxd1+ 31. Kh2 Kxf8 32. Qb8+ Kf7 33. Qc7+ Be7 34. Qxc6 Qd6+ 35. Qxd6 Bxd6+ 36. Kg1 a5 37. Kf1 b4 38. Ke1 bxc3 39. Kd1 Bb4 40. Kc2 a4 41. Kb1 f4 42. Kc1 f3 43. Kc2 fxg2 44. h4 g1=Q 45. h5 Qf2+ 46. Kb1 Qb2# 0-1


[Site "https://www.chess.com"]

[Event "Titled Tuesday Blitz November 07 Late 2023"]
[White "Petersson, Kjell"]
[Black "Makaraci, Tunahan"]
[WhiteFideId "1705148"]
[BlackFideId "6356559"]
[WhiteElo "2146"]
[BlackElo "2429"]
[Result "0-1"]
[Round "4"]
[TimeControl "180+1"]
[Date "2023.11.07"]
[WhiteClock "0:00:00"]
[BlackClock "0:00:12"]
[Board "135"]

1. d4 d5 2. Bf4 c5 3. e3 Nc6 4. c3 Nf6 5. Nd2 Bf5 6. Ngf3 e6 7. Bb5 Qb6 8. Qa4 a6 9. Bxc6+ bxc6 10. O-O Qb5 11. Qxb5 axb5 12. Ne5 Ra6 13. dxc5 Bxc5 14. Nb3 Ba7 15. Nd4 Bxd4 16. cxd4 Nd7 17. Rfc1 Nxe5 18. Bxe5 f6 19. Bd6 Kd7 20. Bb4 Rha8 21. a3 Ra4 22. Kf1 h5 23. Ke2 h4 24. b3 R4a6 25. Rc3 g5 26. Rac1 g4 27. f3 h3 28. gxh3 gxf3+ 29. Kxf3 Rh8 30. Rg1 Rxh3+ 31. Rg3 Be4+ 32. Kf4 Rxh2 33. Rg7+ Ke8 34. Rg8+ Kf7 35. Rf8+ Kg7 36. Rc1 Rf2+ 37. Kg3 Rg2+ 38. Kh3 Rg6 39. Bd6 Bf3 40. Kh2 Be4 41. Rg1 Rxg1 42. Kxg1 Ra7 43. Kf2 Kg6 44. Rg8+ Kf5 45. Rf8 Rh7 46. Kg3 Rg7+ 47. Kh4 Rg4+ 48. Kh3 Rg6 49. Kh4 Bf3 50. Kh3 Ke4 51. Re8 Kxe3 52. Rxe6+ Kxd4 53. Re1 Bg4+ 54. Kh4 Bd7 55. b4 Rg4+ 0-1


[Site "https://www.chess.com"]

[Event "Titled Tuesday Blitz November 07 Late 2023"]
[White "Powell, Paul"]
[Black "Polaczek, Richard"]
[WhiteFideId "2005840"]
[BlackFideId "200026"]
[WhiteElo "2085"]
[BlackElo "2427"]
[Result "0-1"]
[Round "4"]
[TimeControl "180+1"]
[Date "2023.11.07"]
[WhiteClock "0:00:00"]
[BlackClock "0:00:20"]
[Board "136"]

1. d4 Nf6 2. Nf3 d5 3. Bf4 c5 4. c3 Nc6 5. e3 e6 6. Bd3 Bd6 7. O-O O-O 8. Nbd2 b6 9. Ne5 Bb7 10. Nxc6 Bxc6 11. Nf3 Ne4 12. Ne5 Bb7 13. Qc2 f6 14. Nf3 g5 15. Bxd6 Qxd6 16. h3 Rf7 17. Nh2 h5 18. f3 Ng3 19. Rf2 f5 20. Nf1 h4 21. Rd1 Raf8 22. Nh2 c4 23. Bf1 b5 24. Rdd2 Bc6 25. Qc1 a5 26. Rc2 Qe7 27. f4 Ne4 28. Rfe2 Rg7 29. Nf3 g4 30. Ne5 Be8 31. hxg4 fxg4 32. Kh2 Rf6 33. Rf2 Rh6 34. Kg1 h3 35. g3 Nxg3 36. Kh2 Ne4 37. Bxh3 Rxh3+ 38. Kg1 Qh4 39. Rh2 Qg3+ 40. Rhg2 Qh4 41. Rh2 Rh7 42. Rxh3 Qxh3 43. Nxg4 Qxg4+ 44. Kf1 Ng3+ 0-1


[Site "https://www.chess.com"]

[Event "Titled Tuesday Blitz November 07 Late 2023"]
[White "ATM622"]
[Black "Sailer, Mike"]
[BlackFideId "2012901"]
[WhiteElo "2425"]
[BlackElo "2078"]
[Result "1-0"]
[Round "4"]
[TimeControl "180+1"]
[Date "2023.11.07"]
[WhiteClock "0:00:36"]
[BlackClock "0:00:13"]
[Board "137"]

1. d4 d5 2. c4 Bf5 3. Nf3 e6 4. g3 Nf6 5. Bg2 Bb4+ 6. Bd2 a5 7. c5 Bxd2+ 8. Nbxd2 Nc6 9. O-O O-O 10. Re1 Ne4 11. e3 Nb4 12. Nh4 Nxd2 13. Nxf5 Nc4 14. Nh4 Nxb2 15. Qb1 Nc4 16. a3 Nc6 17. Qxb7 Qd7 18. Qb3 Rab8 19. Qc3 Rb2 20. Bf1 Rfb8 21. Bxc4 dxc4 22. Qxc4 Ne7 23. Qd3 R8b3 24. Qa6 Nd5 25. Nf3 Nc3 26. Ne5 Qd5 27. Qc8+ 1-0


[Site "https://www.chess.com"]

[Event "Titled Tuesday Blitz November 07 Late 2023"]
[White "ChessLebaneseSalah"]
[Black "Oliveira, Tiago Batista"]
[BlackFideId "2108291"]
[WhiteElo "2421"]
[BlackElo "2060"]
[Result "1-0"]
[Round "4"]
[TimeControl "180+1"]
[Date "2023.11.07"]
[WhiteClock "0:00:09"]
[BlackClock "0:00:01"]
[Board "138"]

1. e4 e5 2. Nf3 Nc6 3. Bc4 Bc5 4. d3 Nf6 5. c3 d6 6. a4 a5 7. Nbd2 h6 8. Qe2 O-O 9. h3 Re8 10. O-O Bb6 11. Rd1 Ne7 12. Nf1 Ng6 13. Ng3 c6 14. Be3 Bxe3 15. fxe3 Qb6 16. Kh1 d5 17. Ba2 Be6 18. Nf5 Rad8 19. Nd2 dxe4 20. dxe4 Rxd2 21. Rxd2 Nxe4 22. Bxe6 fxe6 23. Qd3 exf5 24. Rc2 Ng3+ 25. Kh2 Qc7 26. Qc4+ Kh7 27. Kxg3 e4+ 28. Kf2 Ne5 29. Qe2 Nd3+ 30. Kg1 Qg3 31. Rf1 Re6 32. Rd2 Rg6 33. Rxf5 Ne5 34. Rxe5 Qxe5 35. Rd4 Qe6 36. Qc2 Qxh3 37. Rxe4 Qg3 38. Qe2 Qg5 39. Rf4 Rf6 40. Rxf6 Qxf6 41. Qd3+ g6 42. Qd7+ Qg7 43. Qd6 Qf7 44. Qe5 g5 45. Qxa5 Kg6 46. Qc5 h5 47. Qd6+ Qf6 48. Qd3+ Qf5 49. Qd4 Qf6 50. e4 Qe6 51. Kf2 Qb3 52. Qd2 Qc4 53. e5 Qxa4 54. Qd3+ Kf7 55. Qf5+ Ke7 56. Qxg5+ Ke6 57. Qf6+ Kd5 58. Qd6+ Ke4 59. Qd4+ Qxd4+ 60. cxd4 Kd5 61. Ke3 c5 62. dxc5 Kxe5 63. b4 Kd5 64. Kd3 h4 65. Kc3 Ke4 66. Kc4 Ke5 67. b5 Ke6 68. Kb4 Kd5 69. b6 Kc6 70. Kc4 Kd7 71. Kd5 Ke7 72. c6 bxc6+ 73. Kxc6 Kd8 74. b7 1-0


[Site "https://www.chess.com"]